Map: Dusk Towers

Players

eNVy

  • Race: Protoss Protoss
  • League: Platinum

LilDicky - Winner!

  • Race: Terran Terran
  • League: Diamond

VOD

http://www.twitch.tv/tumescentpie

Description

Time

  • Played on: Nov. 28, 2015, 1:54 a.m.
  • Length: 5:41
Show
View Real Time Build Order
Export as new Build Order

eNVy Protoss 

Build Orders:  

Get SALT Encoding   

  12  0:01  Probe (Chrono Boost)  
  13  0:11  Probe (Chrono Boost)  
  14  0:17  Pylon  
  14  0:22  Probe (Chrono Boost)  
  16  0:35  Probe (Chrono Boost)  
  16  0:39  Gateway  
  16  0:46  Probe (Chrono Boost)  
  17  0:50  Assimilator  
  17  0:56  Probe (Chrono Boost)  
  18  1:05  Pylon  
  18  1:07  Probe (Chrono Boost)  
  20  1:22  Gateway  
  19  1:26  Cybernetics Core  
  19  1:33  Probe (Chrono Boost)  
  19  1:35  Assimilator  
  19  1:43  Probe (Chrono Boost)  
  21  1:54  Probe (Chrono Boost)  
  21  2:02  Stalker  
  21  2:04  Probe (Chrono Boost)  
  24  2:09  Zealot  
  28  2:15  Mothership Core (Chrono Boost)  
  28  2:24  Pylon  
  28  2:26  Warp Gate (Chrono Boost)  
  28  2:33  Pylon  
  28  2:42  Stalker  
  30  2:46  Stalker  
  30  3:16  Stalker  
  32  3:39  Stargate  
  30  3:43  Stalker  
  30  3:48  Nexus  
  32  3:58  Probe  
  32  4:02  Pylon  
  33  4:10  Probe  
  30  4:33  Oracle (Chrono Boost)  
  31  4:39  Sentry x2  
  35  5:03  Stalker  
  37  5:20  Stalker  
  39  5:29  Sentry  
Show
View Real Time Build Order
Export as new Build Order

LilDicky Terran - Winner!

Build Orders: MMM Bio 

Get SALT Encoding   

  12  0:02  SCV  
  13  0:15  SCV  
  13  0:19  Supply Depot  
  14  0:27  SCV  
  15  0:28  Refinery  
  15  0:41  SCV  
  16  0:47  Barracks  
  16  0:53  SCV  
  17  1:05  SCV  
  18  1:17  SCV  
  19  1:29  SCV  
  19  1:36  Supply Depot, Marine  
  20  1:41  Factory  
  20  1:46  Orbital Command  
  20  1:54  Marine  
  21  2:11  SCV  
  21  2:15  Barracks  
  22  2:17  Barracks  
  22  2:20  Barracks Reactor  
  22  2:36  Widow Mine  
  24  2:38  SCV  
  25  2:52  SCV  
  25  3:04  SCV  
  25  3:05  Barracks Tech Lab x2, Marine x2  
  28  3:16  SCV  
  28  3:19  Refinery, Starport  
  29  3:23  Marine  
  29  3:24  Marine  
  31  3:30  Marine x2  
  33  3:35  Stimpack  
  33  3:41  Marine x2  
  33  3:46  Supply Depot  
  35  3:51  Marine x2  
  35  3:52  Supply Depot  
  35  3:54  SCV  
  38  3:58  Combat Shields  
  38  3:59  Marine  
  39  4:07  Marine  
  40  4:13  Marine  
  40  4:14  Marauder  
  40  4:17  SCV, Marine  
  44  4:38  Marine x2  
  46  4:41  Marine x2, Medivac  
  46  4:42  SCV  
  51  4:50  Supply Depot  
  51  4:56  Marine x2  
  53  5:02  Engineering Bay, Marine  
  54  5:10  SCV  
Tags
 
Add a new tag
Caveats
  • Supply blocks, unpowered buildings, or Contaminate may cause inaccurate times.
  • Supply counts are checked every 10 seconds.